 Dungeon Crawl Stone Soup version 0.24.0-123-gd5b16e6ec5 (webtiles) character file.

Game seed: 9583466174065003586, levelgen mode: deterministic

5169 LordRappington the Cleaver (level 10, -3/77 HPs)
             Began as a Minotaur Berserker on Jan 17, 2020.
             Was a High Priest of Trog.
             Slain by Snorg (21 damage)
             ... on level 9 of the Dungeon.
             The game lasted 00:23:42 (6772 turns).

LordRappington the Cleaver (Minotaur Berserker)     Turns: 6772, Time: 00:23:43

Health: -3/77      AC: 17    Str: 22    XL:     10   Next: 34%
Magic:  9/9        EV: 11    Int:  7    God:    Trog [*****.]
Gold:   411        SH:  0    Dex: 10    Spells: 9/9 levels left

rFire    . . .     SeeInvis .   a - +1 hand axe
rCold    . . .     Gourm    .   (no shield)
rNeg     . . .     Faith    .   w - +0 plate armour
rPois    +         Spirit   .   (helmet restricted)
rElec    .         Reflect  .   l - +0 cloak
rCorr    .         Harm     .   F - +0 pair of gloves
MR       .....                  (no boots)
Stlth    ..........             (no amulet)
HPRegen  0.22/turn              v - ring of poison resistance
MPRegen  0.11/turn              E - +3 ring of evasion

@: no status effects
A: retaliatory headbutt, horns 2
a: Berserk, Trog's Hand, Brothers in Arms, Renounce Religion


You were on level 9 of the Dungeon.
You worshipped Trog.
Trog was extremely pleased with you.
You were not hungry.

You visited 2 branches of the dungeon, and saw 11 of its levels.
You also visited: Bailey.

You collected 511 gold pieces.
You spent 100 gold pieces at shops.

Inventory:

Hand Weapons
 a - a +1 hand axe (weapon)
 i - a +2 quarterstaff of chaos
 j - a +2 scythe of freezing
 x - a +0 spear of freezing
Missiles
 B - 10 poisoned darts (quivered)
Armour
 l - a +0 cloak (worn)
 w - a +0 plate armour (worn)
 F - a +0 pair of gloves (worn)
Jewellery
 b - a +4 ring of intelligence
 s - an uncursed ring of positive energy
 v - a ring of poison resistance (left hand)
 A - an uncursed ring of protection from fire
 D - an uncursed ring of see invisible
 E - a +3 ring of evasion (right hand)
Wands
 r - a wand of flame (35)
 y - a wand of polymorph (8)
 z - a wand of iceblast (5)
 G - a wand of random effects (9)
Scrolls
 e - 4 scrolls of identify
 k - 2 scrolls of fog
 m - 3 scrolls of remove curse
 o - 7 scrolls of teleportation
 t - a scroll of immolation
 u - 2 scrolls of blinking
 I - 2 scrolls of magic mapping
 K - 2 scrolls of enchant armour
Potions
 d - 7 potions of heal wounds
 f - 2 potions of haste
 g - 2 potions of might
 h - 2 potions of flight
 n - 2 potions of degeneration
 p - a potion of mutation
 q - 5 potions of curing
 C - 2 potions of invisibility
 H - a potion of cancellation
Comestibles
 c - 14 rations


   Skills:
 - Level 3.6 Fighting
 + Level 14.8 Axes
 * Level 10.4 Armour
 - Level 2.1 Dodging


You had 9 spell levels left.
You didn't know any spells.
Your spell library was empty.

Dungeon Overview and Level Annotations

Branches:
Dungeon (10/15)            Temple (1/1) D:6          Bailey (visited)
   Lair: D:8-11         Orc: D:9-12

Altars:
Ashenzari
Cheibriados
Dithmenos
Elyvilon
Fedhas
Gozag
Hepliaklqana
Kikubaaqudgha
Makhleb
Nemelex Xobeh
Okawaru
Qazlal
Ru
Sif Muna
Trog
Uskayaw
Vehumet
Wu Jian
Xom
Yredelemnul
Zin
The Shining One

Shops:
D:5 *   D:6 *

Annotations:
D:9 Snorg


Innate Abilities, Weirdness & Mutations

You reflexively headbutt those who attack you in melee.
You have a pair of horns on your head.


Message History

Snorg is heavily wounded.
Snorg barely misses you. You furiously retaliate!
You headbutt Snorg. Snorg misses you. Snorg claws you!
You slash Snorg!
Snorg is severely wounded.
Snorg closely misses you. Snorg misses you. Snorg claws you but does no damage.
You slash Snorg! You headbutt Snorg.
Snorg is severely wounded.
You hit Snorg. You headbutt Snorg!
Snorg is almost dead.
Snorg goes berserk!
You hit Snorg.
Snorg is almost dead.
Snorg bites you! Snorg claws you!
* * * LOW HITPOINT WARNING * * *
Snorg claws you but does no damage.
You hit Snorg but do no damage. You headbutt Snorg.
Snorg is almost dead.
Snorg bites you!!
You die...

#.# ########.# #.#
#.# #.# #.# #.# #.#
#.# #.# #.# ##.##
..#############...#
..##............#T#
...#.##########.@.#
...#.# ##### ...#.#
..##.# .....#
<##### .# .# .#


You could see Snorg (berserk).

Vanquished Creatures
  Erolcha (D:9)
  A two-headed ogre (D:8)
  Pikel (D:6)
  Sigmund (D:6)
  A steam dragon (D:7)
  Edmund (D:4)
  Duvessa (D:4)
  A soldier ant (D:9)
  A water moccasin (D:5)
  An orc warrior (D:7)
  A slave (D:6)
  3 phantoms
  3 ice beasts (D:6)
  2 ogres
  2 centaurs
  4 bullfrogs
  Dowan (D:4)
  2 scorpions
  A bullfrog zombie (D:5)
  7 crimson imps
  A quasit (D:8)
  3 hounds
  A jelly (D:8)
  Crazy Yiuf (D:6)
  3 orc priests
  9 orc wizards
  Ijyb (D:4)
  2 iguanas
  7 worker ants
  A mummy (D:4)
  A worker ant zombie (D:5)
  10 adders
  7 gnolls
  A howler monkey skeleton (D:7)
  2 oozes
  An adder skeleton (D:8)
  4 worms
  2 dart slugs
  11 leopard geckos
  24 orcs
  6 giant cockroaches
  A hobgoblin (D:1)
  9 jackals
  5 kobolds
  4 bats
  5 frilled lizards
  5 goblins
  A jackal zombie (D:8)
  A quokka skeleton (D:4)
  A quokka zombie (D:8)
  4 rats
  A spectral orc (D:3)
171 creatures vanquished.

Vanquished Creatures (others)
  2 slaves (D:6)
  An ice beast (D:6)
3 creatures vanquished.

Grand Total: 174 creatures vanquished

Notes
Turn   | Place    | Note
-------+----------+-------------------------------------------
     0 | D:1      | LordRappington the Minotaur Berserker began the quest for
                  | the Orb.
     0 | D:1      | Reached XP level 1. HP: 19/19 MP: 0/0
    25 | D:1      | Reached skill level 4 in Axes
    39 | D:1      | Reached XP level 2. HP: 26/26 MP: 1/1
   456 | D:2      | Reached skill level 5 in Axes
   530 | D:2      | Reached XP level 3. HP: 28/31 MP: 2/2
   533 | D:2      | Found a radiant altar of Vehumet.
   630 | D:2      | Found a stormy altar of Qazlal.
   669 | D:2      | Found a blossoming altar of Fedhas.
   752 | D:2      | Reached ** piety under Trog
  1098 | D:3      | Found a faded altar of an unknown god.
  1228 | D:3      | You fall into a shaft and drop 1 floor!
  1232 | D:4      | Noticed Dowan
  1233 | D:4      | Noticed Duvessa
  1234 | D:4      | Noticed Edmund
  1260 | D:4      | Killed Duvessa
  1260 | D:4      | Reached skill level 7 in Axes
  1260 | D:4      | Reached XP level 4. HP: 25/39 MP: 3/3
  1260 | D:4      | Reached XP level 5. HP: 29/45 MP: 4/4
  1264 | D:4      | Killed Dowan
  1267 | D:4      | Reached skill level 8 in Axes
  1268 | D:4      | Killed Edmund
  1268 | D:4      | Reached XP level 6. HP: 30/51 MP: 5/5
  1331 | D:4      | Reached skill level 9 in Axes
  1979 | D:3      | Found a basalt altar of Yredelemnul.
  2350 | D:4      | Noticed Ijyb
  2350 | D:4      | Reached XP level 7. HP: 55/57 MP: 6/6
  2353 | D:4      | Killed Ijyb
  2355 | D:4      | Reached *** piety under Trog
  2365 | D:4      | Reached skill level 10 in Axes
  3104 | D:5      | Entered Level 5 of the Dungeon
  3119 | D:5      | Reached skill level 11 in Axes
  3164 | D:5      | Reached XP level 8. HP: 21/64 MP: 7/7
  3390 | D:5      | Found a hazy altar of Hepliaklqana.
  3777 | D:5      | Found Syusoima's Serpentskin Sales.
  3782 | D:5      | Reached skill level 12 in Axes
  3905 | D:5      | Found a sparkling altar of Nemelex Xobeh.
  4064 | D:6      | Noticed Pikel
  4070 | D:6      | Noticed Sigmund
  4074 | D:6      | Killed Pikel
  4074 | D:6      | Reached skill level 5 in Armour
  4080 | D:6      | Killed Sigmund
  4080 | D:6      | Reached skill level 13 in Axes
  4080 | D:6      | Reached XP level 9. HP: 37/70 MP: 8/8
  4136 | D:6      | Found Mossot's General Store.
  4142 | D:6      | Bought 2 potions of heal wounds for 100 gold pieces
  4158 | D:6      | Found a staircase to the Ecumenical Temple.
  4183 | Temple   | Entered the Ecumenical Temple
  4567 | D:6      | Found a bloodstained altar of Trog.
  4648 | D:6      | Found a runed translucent door.
  4649 | D:6      | Noticed Crazy Yiuf
  4655 | D:6      | Killed Crazy Yiuf
  4958 | D:7      | Found an opulent altar of Gozag.
  5006 | D:7      | Reached **** piety under Trog
  5716 | D:8      | Reached skill level 14 in Axes
  5720 | D:8      | Reached ***** piety under Trog
  5755 | D:8      | Found a flagged portal.
  5766 | Bailey   | Entered a bailey
  5767 | Bailey   | Noticed an orc knight
  5768 | Bailey   | Noticed an orc knight
  5923 | D:8      | Noticed a two-headed ogre
  5931 | D:8      | Killed a two-headed ogre
  5931 | D:8      | Reached XP level 10. HP: 59/77 MP: 9/9
  6161 | D:9      | Found a stormy altar of Qazlal.
  6161 | D:9      | Noticed Erolcha
  6173 | D:9      | Killed Erolcha
  6173 | D:9      | Reached skill level 10 in Armour
  6618 | D:9      | Found a sacrificial altar of Ru.
  6754 | D:10     | Entered Level 10 of the Dungeon
  6754 | D:10     | Noticed Snorg
  6772 | D:9      | Slain by Snorg

Levels and vault maps discovered:
D:1:      dpeg_arrival_pond, layout_rooms
D:2:      layout_loops_ring, nicolae_overflow_hidden_temple, marbit_many_paths,
          grunt_qazlal_sundering
D:3:      layout_loops_corners, yredelemnul_forgotten_temple_becter,
          chequers_ecumenical_altar_simple_redux
D:4:      layout_rooms, gup_ossuary_entry_pyramid, minmay_misc_feat_alley,
          uniq_duvessa, uniq_ijyb, uniq_edmund
D:5:      layout_layer_cave, kennysheep_mini_moat, overflow_temple_1_default,
          first_ration, minmay_holes, guppyfry_shop_venom
D:6:      layout_loops_ring, overflow_temple_1_default,
          minmay_temple_entry_mini_moons, serial_shops,
          nicolae_shop_competitors_out_of_business, uniq_sigmund,
          uniq_crazy_yiuf_cottage, uniq_pikel
D:7:      layout_gridville, grunt_gozag_breadcrumbs
D:8:      layout_rooms, enter_bailey_2
D:9:      layout_loops_ring, nicolae_ru_the_path_less_chosen, basic_altar,
          uniq_erolcha
D:10:     layout_cave_pools, grunt_pizzeria, uniq_grum, uniq_snorg,
          uniq_nergalle
Temple:   nicolae_temple_great_sept

Skill      XL: |  1  2  3  4  5  6  7  8  9 10 |
---------------+-------------------------------+-----
Axes           | 4 5 7 8 9 11 13 14 | 14.8
Armour         | 5 9 10 | 10.4
Fighting       | |  3.6
Dodging        | |  2.1

Action                   |  1- 3 |  4- 6 |  7- 9 | 10-12 || total
-------------------------+-------+-------+-------+-------++-------
Melee: Hand axe          |    74 |    70 |   346 |    64 ||   554
       Headbutt          |    17 |     7 |    63 |    21 ||   108
Invok: Berserk           |     1 |       |     3 |     1 ||     5
  Use: Scroll            |       |       |    21 |       ||    21
  Eat: Chunk             |     1 |     4 |    11 |     2 ||    18
       Ration            |       |       |     1 |     1 ||     2
Armor: Animal skin       |     3 |       |       |       ||     3
       Ring mail         |    10 |       |       |       ||    10
       Scale mail        |     1 |    31 |    53 |       ||    85
       Plate armour      |       |       |    61 |    25 ||    86
Dodge: Dodged            |    35 |    27 |   154 |    30 ||   246
